 Dungeon Crawl Stone Soup version 0.21.1-1-g345015f (webtiles) character file.

191 Iko the Vexing (level 5, -8/48 HPs)
             Began as a Troll Enchanter on May 27, 2018.
             Was an Initiate of Gozag.
             Shot with an arrow by a centaur (9 damage)
             ... while paralysed
             ... on level 5 of the Dungeon.
             The game lasted 00:05:36 (552 turns).

Iko the Vexing (Troll Enchanter)                     Turns: 552, Time: 00:05:37

Health: -8/48      AC:  6    Str: 16    XL:     5   Next: 42%
Magic:  6/6        EV:  1    Int: 11    God:    Gozag
Gold:   76         SH:  0    Dex: 11    Spells: 6/7 levels left

rFire    . . .     SeeInvis .   g - +0 rapier
rCold    + . .     Gourm    +   (no shield)
rNeg     . . .     Faith    .   b - +1 robe
rPois    +         Spirit   .   (helmet restricted)
rElec    .         Reflect  .   (no cloak)
rCorr    .         Harm     .   (gloves unavailable)
MR       .....                  (boots unavailable)
Stlth    ++........             (no amulet)
HPRegen  0.56/turn              e - ring of protection from cold
MPRegen  0.10/turn              a - ring of poison resistance

@: paralysed, fainting
A: large, unfitting armour, claws 3, fast metabolism 3, gourmand, regeneration
1, shaggy fur 1, tough skin 2
a: Potion Petition, Call Merchant, Bribe Branch, Renounce Religion


You were on level 5 of the Dungeon.
You worshipped Gozag.
Gozag was noncommittal.
You were fainting.

You visited 1 branch of the dungeon, and saw 5 of its levels.

You collected 115 gold pieces.
You paid 39 gold pieces to Gozag.

Inventory:

Hand Weapons
 g - a +0 rapier (weapon)
Armour
 b - a +1 robe (worn)
Jewellery
 a - a ring of poison resistance (right claw)
 e - a ring of protection from cold (left claw)
Books
 c - a book of Maledictions

   Spells                             Type                      Level
   a - Corona                         Hexes                        1
   b - Ensorcelled Hibernation        Hexes/Ice                    2
   c - Confuse                        Hexes                        3
   d - Tukima's Dance                 Hexes                        3
   e - Dazzling Spray                 Conjuration/Hexes            3
Comestibles
 d - 4 rations


   Skills:
 + Level 1.1 Fighting
 + Level 2.5 Short Blades
 + Level 2.3 Dodging
 + Level 1.7 Stealth
 + Level 1.7 Spellcasting
 + Level 2.5 Hexes


You had 6 spell levels left.
You knew the following spells:

 Your Spells              Type           Power        Failure   Level  Hunger
a - Corona                Hex            #......      11%         1    ##.....


Dungeon Overview and Level Annotations

Branches:
Dungeon (5/15)
 Temple: D:4-7

Altars:
Gozag
Xom

Shops:
D:5 :


Innate Abilities, Weirdness & Mutations

You are too large for most types of armour.
You have claws for hands.
Your metabolism is lightning-fast.
You like to eat raw meat.
Your natural rate of healing is unusually fast.
You are covered in fur. (AC +1)
You have very tough skin. (AC +2)


Message History

There is a stone staircase leading down here.
You climb downwards.
There is a stone staircase leading up here.
You open the door.
Found a hunting sling.
Found Povvy's Book Shop.
A centaur comes into view.
You lose consciousness!
The centaur shouts!
The centaur wields a shortbow.
The centaur shoots an arrow.
The arrow hits you.
Found a dented lapis lazuli amulet.
The centaur shoots an arrow.
The arrow hits you.
The centaur shoots an arrow.
The arrow hits you!
The centaur shoots an arrow.
The arrow hits you.
The centaur shoots an arrow.
The arrow hits you!
* * * LOW HITPOINT WARNING * * *
The centaur shoots an arrow.
The arrow hits you!
* * * LOW HITPOINT WARNING * * *
The centaur shoots an arrow.
The arrow hits you!
You die...
Your body crumbles into a pile of gold.

####### ....).. .......
.......#################
.......@...............<
.......#################
....... .∩...c. .......
..."... ##..... #.....


You could see a centaur.

Vanquished Creatures
  A phantom (D:4)
  A big kobold (D:4)
  A bullfrog skeleton (D:4)
  A leopard gecko (D:4)
  A ball python (D:3)
  3 goblins
  A hobgoblin (D:1)
  3 kobolds
  A rat (D:3)
13 creatures vanquished.

Notes
Turn   | Place    | Note
-------+----------+-------------------------------------------
     0 | D:1      | Iko the Troll Enchanter began the quest for the Orb.
     0 | D:1      | Reached XP level 1. HP: 16/16 MP: 1/1
   168 | D:3      | Reached XP level 2. HP: 24/24 MP: 0/2
   211 | D:3      | Found a shimmering altar of Xom.
   211 | D:3      | Found an opulent altar of Gozag.
   231 | D:3      | Became a worshipper of Gozag Ym Sagoz the Greedy
   349 | D:4      | Noticed a phantom
   363 | D:4      | Reached skill level 1 in Short Blades
   363 | D:4      | Reached XP level 3. HP: 25/31 MP: 4/4
   402 | D:4      | Killed a phantom
   402 | D:4      | Reached XP level 4. HP: 11/40 MP: 1/5
   469 | D:4      | Noticed a big kobold
   506 | D:4      | Killed a big kobold
   506 | D:4      | Reached skill level 1 in Fighting
   506 | D:4      | Reached XP level 5. HP: 24/48 MP: 6/6
   530 | D:5      | Entered Level 5 of the Dungeon
   546 | D:5      | Found Povvy's Book Shop.
   547 | D:5      | Noticed a centaur
   547 | D:5      | Paralysed by fainting for 10 turns
   552 | D:5      | HP: 1/48 [centaur/arrow (11)]
   552 | D:5      | Shot with an arrow by a centaur

Skill      XL: |  1  2  3  4 |
---------------+-------------+-----
Short Blades   | 1 2 |  2.5
Dodging        | 2 |  2.3
Fighting       | 1 |  1.1
Stealth        | |  1.7
Spellcasting   | |  1.7
Hexes          | |  2.5

Action                   |  1- 3 |  4- 6 || total
-------------------------+-------+-------++-------
Melee: Dagger            |    37 |       ||    37
       Rapier            |    35 |    34 ||    69
 Cast: Corona            |     9 |     1 ||    10
  Use: Scroll            |     3 |       ||     3
Armor: Robe              |    22 |    21 ||    43
Dodge: Dodged            |    27 |     8 ||    35
